AoeStats
← Danger

Arabia

510210815Analyzed
1v1 RM · 2d ago on Sep 30, 2026· 15m 0s· 2 players
Game mode
Random Map
Map size
Tiny (2 player)
Population
200
Speed
Normal
Resources
Standard
Victory
Conquest
Starting age
Dark Age
Ending age
Imperial Age
RankedLock teamsTeams togetherTeam positionsShared explorationLock speedFull tech treeHidden civsTurbo modeCheats
Victory
Defeat
🇲🇽 Inca · Mexico
1118
+14
🇪🇸 Huns · Spain
1077
-14
Erix Rifter
6:46 Loom
9:49 Feudal Age
9:55 Man-at-Arms
13:36 Fletching
Danger
6:46 Loom
9:20 Feudal Age
9:32 Champi Runner
12:39 Forging
14:49 Scale Mail Armor
Connection lost

Rejoining the realm…

Still unreachable

The connection could not be restored.

Session expired

The server has moved on; the page needs a fresh start.